Cogmind - Beta 15 @@@ ROGUE MODE // 2025.06.30 @ 21:07:15 Player: CheifClapdad Result: Self-destructed Performance ------------- Evolutions (4) 2000 Regions Visited (7) 1400 Robots Destroyed (50) 250 Value Destroyed (1678) 1678 Prototype IDs (1) 20 Alien Tech Used (0) 0 Bonus (461) 461 TOTAL SCORE: 5809 Bonus ------- Follower Combat Kills 161 Met Imprinter 300 Cogmind --------- Core Integrity 104/850 Matter 220/300 Energy 15/100 System Corruption 6% Temperature Cool (62) Movement Core (50) Location -6/Factory Parts ------- > --- POWER (2) -------- (None) > --- PROPULSION (6) --- Armored Huge Wheel > --- UTILITY (4) ------ Improved Cryofiber Web Advanced Targeting Computer High-powered Tractor Beam > --- WEAPON (3) ------- (None) > --- INVENTORY (5) ---- High-capacity Storage Unit High-capacity Matter Pod (200) Hypervelocity Gauss Rifle Heavy Missile Launcher Peak State ------------ > --- POWER ------------ Fission Core > --- PROPULSION ------- Gravmag System Gravmag System > --- UTILITY ---------- Improved Cryofiber Web Advanced Targeting Computer Improved Utility Shielding Remote Shield > --- WEAPON ----------- Improved Heavy Machine Gun > --- INVENTORY -------- High-capacity Matter Pod High-powered Tractor Beam Hypervelocity Gauss Rifle Flak Cannon Heavy Flak Cannon [Rating: 36] Favorites ----------- Power Ion Engine Engine Ion Engine Power Core Fission Core Propulsion Light Treads Treads Light Treads Wheel Armored Wheel Hover Unit Gravmag System Utility Improved Targeting Computer Device Improved Heat Sink Storage Large Storage Unit Processor Improved Targeting Computer Protection Improved Utility Shielding Weapon Particle Gun Energy Gun Particle Gun Ballistic Gun Assault Rifle Ballistic Cannon Advanced Assault Cannon Build | -11 -10 -10 -9 -9 -7 -6 -6 ------- Run | Yrd Mat Min Mat Min Zio Pro Fac Slots Evolved 8 | . . . 2 . . . 6 Power 1 | . . . . . . . 1 Propulsion 4 | . . . . . . . 4 Utility 2 | . . . 2 . . . . Weapon 1 | . . . . . . . 1 Parts Attached 47 | 6 3 . 7 . . 5 26 Power 4 | 1 . . . . . 1 2 Engine 3 | 1 . . . . . 1 1 Core 1 | . . . . . . . 1 Reactor . | . . . . . . . . Propulsion 13 | 2 . . 2 . . 1 8 Treads 4 | 1 . . . . . . 3 Leg . | . . . . . . . . Wheel 7 | 1 . . 2 . . 1 3 Hover 2 | . . . . . . . 2 Flight . | . . . . . . . . Utility 16 | 1 2 . 3 . . 2 8 Device 8 | . 1 . . . . 1 6 Storage 3 | 1 1 . 1 . . . . Processor 4 | . . . 2 . . 1 1 Hackware . | . . . . . . . . Protection 1 | . . . . . . . 1 Artifact . | . . . . . . . . Weapon 14 | 2 1 . 2 . . 1 8 Energy Gun 3 | . . . 2 . . 1 . Energy Cannon . | . . . . . . . . Ballistic Gun 6 | 2 1 . . . . . 3 Ballistic Cannon 5 | . . . . . . . 5 Launcher . | . . . . . . . . Special Weapon . | . . . . . . . . Impact Weapon . | . . . . . . . . Slashing Weapon . | . . . . . . . . Piercing Weapon . | . . . . . . . . Special Melee Weapon . | . . . . . . . . Unidentified Prototypes 1 | . . . . . . . 1 Parts Lost 26 | . 1 . 2 . . 6 17 Power 3 | . . . 1 . . 1 1 Propulsion 11 | . . . 1 . . 1 9 Utility 4 | . . . . . . 2 2 Weapon 8 | . 1 . . . . 2 5 Highest Loss Streak 11 | . 1 . 2 . . 3 11 To Critical Strikes 1 | . . . . . . . 1 Average Backups 11 | 2 10 15 13 14 14 11 10 Power . | . 1 1 1 1 1 . . Propulsion 3 | 1 3 6 5 5 4 3 . Utility 3 | . 4 5 3 3 3 2 4 Weapon 4 | . 1 3 4 5 5 5 5 Tool/Special . | . . . . . . . . Unused Backups 16 | . 1 1 1 . 2 . 11 Power . | . . . . . . . . Propulsion 3 | . . . 1 . 1 . 1 Utility 7 | . 1 1 . . . . 5 Weapon 6 | . . . . . 1 . 5 Tool/Special . | . . . . . . . . Average Slot Usage (%) 82 | . 94 100 95 88 88 83 63 Engine 4 | . 14 14 8 . . 1 1 Treads 7 | . 14 14 8 . . . 10 Wheel 15 | . 14 14 12 22 22 22 10 Device 9 | . 9 14 11 11 11 11 6 Storage 10 | . 14 14 19 11 11 11 4 Processor 12 | . . . 12 22 22 22 10 Energy Gun 9 | . . . 21 22 22 16 . Ballistic Gun 9 | . 28 28 . . . . 9 Ballistic Cannon 1 | . . . . . . . 4 Peak Build Rating 36 | 6 11 11 17 16 17 18 36 Average Rating 17 | 4 9 11 15 16 16 16 26 On Entrance 11 | . 6 11 11 16 16 17 15 Naked Turns 30 | . . . . . . . 30 Heaviest Build 42 | 13 29 29 36 27 27 30 42 Greatest Support 38 | 20 16 16 22 22 22 24 38 Greatest Overweight (x) 2 | 2 1 1 2 1 1 2 2 Average Overweight (x) . | . . 1 1 1 1 . . Largest Inventory Capacity 15 | 8 15 15 15 15 15 15 15 Average Capacity 13 | 6 12 15 15 15 15 15 11 Most Carried 15 | 5 15 15 15 14 15 15 15 Average Carried 11 | 2 10 15 13 14 14 11 10 Final Capacity 15 | 8 15 15 15 15 15 15 5 Final Carried 15 | 4 15 15 14 14 15 10 4 Class Distribution -------------------- 80% | Mutant 12% | Scavenger-Gunner 6% | Gunner Dominant Class ---------------- Mutant | -10/Materials Mutant | -10/Mines Mutant | -9/Materials Mutant | -9/Mines Mutant | -7/Zion Mutant | -6/Proximity Caves Scavenger-Gunner | -6/Factory Resources | -11 -10 -10 -9 -9 -7 -6 -6 ----------- Run | Yrd Mat Min Mat Min Zio Pro Fac Matter Collected 1613 | 280 300 . 70 . . 35 928 Remotely 24 | . . . . . . . 24 Salvage Created 2289 | 82 406 . 427 30 . 216 1128 Parts 116 | 2 30 . 27 6 . 6 45 Haulers Intercepted 2 | . 1 . 1 . . . . Recyclers Shooed 8 | . . . 1 . . . 7 Parts Field Recycled . | . . . . . . . . Retrieved Matter . | . . . . . . . . Parts Self-Destructed 7 | . . . . . . 7 . Prevented 1 | . . . . . . 1 . Kills | -11 -10 -10 -9 -9 -7 -6 -6 ------- Run | Yrd Mat Min Mat Min Zio Pro Fac Combat Hostiles Destroyed 33 | . 8 . 8 . . 5 12 Guns 30 | . 8 . 8 . . 5 9 Cannons 3 | . . . . . . . 3 Classes Destroyed 10 | 1 3 . 1 . . . 5 Worker 4 | . . . 1 2 . . 1 Builder 3 | . . . . . . . 3 Hauler 2 | . 1 . 1 . . . . Recycler 7 | 1 . . 1 . . . 5 Watcher 1 | . 1 . . . . . . Grunt 25 | . 8 . 8 . . 5 4 Sentry 2 | . . . . . . . 2 Specialist 2 | . . . . . . . 2 Hunter 2 | . . . . . . . 2 Programmer 2 | . . . . . . . 2 Best Kill Streak 6 | 1 3 . 6 2 . 4 5 Combat Bots Only 4 | . 3 . 4 . . 4 3 Max Kills in Single Turn 2 | 1 1 . 1 1 . 2 1 Gunslinging 1 | . . . . . . 1 . Exploded . | . . . . . . . . Melee . | . . . . . . . . Uniques/NPCs Destroyed . | . . . . . . . . Combat | -11 -10 -10 -9 -9 -7 -6 -6 -------- Run | Yrd Mat Min Mat Min Zio Pro Fac Hostile Shots Fired 426 | . 48 . 20 . . 41 317 Missed 132 | . 12 . 6 . . 14 100 Hits 294 | . 36 . 14 . . 27 217 Projectile 294 | . 36 . 14 . . 27 217 AOE 3 | . . . . . . . 3 Critical Strikes 9 | . 1 . 1 . . 4 3 Part Disruptions 3 | . . . . . . . 3 Damage Taken 4483 | . 472 . 181 . . 546 3284 Core 990 | . 93 . 54 . . 97 746 Absorbed by Shields 96 | . . . . . . . 96 Redirected to Shielding 107 | . . . . . . . 107 Core Remaining (%) 74 | 100 . 62 . . . 62 . Volleys Fired 159 | 5 44 . 24 2 . 24 60 Largest 3 | 2 2 . 2 2 . 2 3 Hottest 130 | 40 40 . 130 130 . 130 130 Shots Fired 349 | 10 87 . 48 4 . 43 157 Gun 279 | 10 87 . 48 4 . 43 87 Cannon 70 | . . . . . . . 70 Launcher . | . . . . . . . . Special . | . . . . . . . . Kinetic 250 | 10 87 . . . . . 153 Thermal 99 | . . . 48 4 . 43 4 Explosive . | . . . . . . . . Electromagnetic . | . . . . . . . . Robot Hit Streak 16 | 3 11 . 12 13 . 10 16 Robot Miss Streak 6 | 4 3 . 3 1 . 2 6 Penetration Max 1 | . . . . . . . 1 Secondary Targets 4 | . . . 2 . . 2 . Max Gunslinging Chain 1 | . . . 1 . . 1 . Shots Hit Robots 251 | 5 59 . 36 2 . 30 119 Core Hits 165 | 2 22 . 18 2 . 14 107 Critical Kills 1 | . . . . . . . 1 Critical Parts Destroyed . | . . . . . . . . Critical Strikes 9 | . . . 3 . . 1 5 Burn 5 | . . . 3 . . 1 1 Destroy 1 | . . . . . . . 1 Blast 3 | . . . . . . . 3 Melee Attacks . | . . . . . . . . Impact . | . . . . . . . . Slashing . | . . . . . . . . Piercing . | . . . . . . . . Sneak Attacks . | . . . . . . . . Combat Hostiles . | . . . . . . . . Follow-up Attacks . | . . . . . . . . Damage Inflicted 4715 | 54 629 . 537 34 . 490 2971 Guns 3462 | 54 629 . 537 34 . 490 1718 Cannons 1233 | . . . . . . . 1233 Explosions . | . . . . . . . . Melee . | . . . . . . . . Ramming 20 | . . . . . . . 20 Kinetic 3571 | 54 629 . . . . . 2888 Thermal 1124 | . . . 537 34 . 490 63 Explosive . | . . . . . . . . Electromagnetic . | . . . . . . . . Impact . | . . . . . . . . Slashing . | . . . . . . . . Piercing . | . . . . . . . . Highest Corruption 6 | . . . . . . . 6 Average Corruption 3 | . . . . . . . 3 Corruption Purged . | . . . . . . . . Corruption Blocked . | . . . . . . . . Effects 13 | . . . . . . . 13 Message Errors 1 | . . . . . . . 1 Matter Fused 5 | . . . . . . . 5 Heat Flow Errors 1 | . . . . . . . 1 Energy Discharges 3 | . . . . . . . 3 Data Loss (minor) 2 | . . . . . . . 2 Data Loss (major) 1 | . . . . . . . 1 Overload Shots . | . . . . . . . . Overflow Damage 36 | . . . . . . . 36 Projectiles 36 | . . . . . . . 36 Explosions . | . . . . . . . . Melee . | . . . . . . . . Knockbacks 17 | . . . . . . . 17 Impact 1 | . . . . . . . 1 Kinetic 15 | . . . . . . . 15 Secondary 1 | . . . . . . . 1 Self-Inflicted Damage 10 | . . . . . . . 10 Shots . | . . . . . . . . Rammed 3 | . . . . . . . 3 Targets Rammed 3 | . . . . . . . 3 Kicked . | . . . . . . . . Crushed . | . . . . . . . . Highest Temperature 197 | . 27 . 159 3 . 175 197 Average Temperature 52 | . 11 . 47 2 . 66 88 Received Heat Transfer 1254 | . 285 . 117 . . 312 540 Siege Activations . | . . . . . . . . Martial Activations . | . . . . . . . . Shielding Activations . | . . . . . . . . Robots Disrupted . | . . . . . . . . Combat Hostiles . | . . . . . . . . Robots Corrupted . | . . . . . . . . Combat Hostiles . | . . . . . . . . Parts Fried . | . . . . . . . . Impact Corruptions . | . . . . . . . . Robots Melted . | . . . . . . . . Combat Hostiles . | . . . . . . . . Parts Melted 2 | . . . . . . 2 . Heat Transferred 3071 | . . . 1517 74 . 1258 222 Parts Sabotaged . | . . . . . . . . Parts Stolen . | . . . . . . . . Parts Stripped . | . . . . . . . . Power Chain Reactions . | . . . . . . . . Alert | -11 -10 -10 -9 -9 -7 -6 -6 ------- Run | Yrd Mat Min Mat Min Zio Pro Fac Maximum Alert Level 1 | . . . . . . . 1 Low Security (%) 56 | 100 100 100 100 100 . . . Level 1 43 | . . . . . . . 99 Level 2 . | . . . . . . . . Level 3 . | . . . . . . . . Level 4 . | . . . . . . . . Level 5 . | . . . . . . . . High Security . | . . . . . . . . Max Security . | . . . . . . . . Peak Influence 356 | 5 100 35 73 25 . . 356 Initial 302 | . 3 35 . 15 . . 302 Average 131 | . 20 5 26 8 . . 277 Influence Increases 1648 | 5 291 . 223 10 . 184 935 Destroy 0b10 Robot/C 740 | . 160 . 160 . . 140 280 Destroy 0b10 Robot/NC 95 | 5 10 . 15 10 . 10 45 Destroy Leader 156 | . 34 . 42 . . 20 60 Allied During Kill 20 | . . . . . . 14 6 Successful Hack 25 | . 12 . 5 . . . 8 Select Force Hacks 30 | . 30 . . . . . . Disable Machine 15 | . . . . . . . 15 Destroy Structure 12 | . . . 1 . . . 11 Advance Influence 300 | . . . . . . . 300 Partial Spotted 15 | . . . . . . . 15 Lose Combat Pursuer 240 | . 45 . . . . . 195 Influence Decreases 1383 | . 204 92 184 49 . 180 674 Entered New Map 85 | . 2 57 . 24 . . 2 Time Decay 1038 | . 192 35 164 25 . 140 482 Lost Part 240 | . 10 . 20 . . 40 170 Lost Ally 20 | . . . . . . . 20 Squads Dispatched 10 | . 1 . 2 . . . 7 Investigation 2 | . 1 . 1 . . . . Extermination 2 | . . . . . . . 2 Reinforcement 5 | . . . 1 . . . 4 Assault . | . . . . . . . . Garrison 1 | . . . . . . . 1 Intercept . | . . . . . . . . Searches Triggered . | . . . . . . . . Construction Impeded 1 | . . . . . . . 1 Haulers Reinforced 1 | . . . . . . . 1 Active Scanning Responses . | . . . . . . . . Cargo Convoy Interrupts . | . . . . . . . . Stealth | -11 -10 -10 -9 -9 -7 -6 -6 --------- Run | Yrd Mat Min Mat Min Zio Pro Fac Distress Signals 5 | . 3 . 1 . . . 1 Communications Jammed . | . . . . . . . . Distress Signals . | . . . . . . . . Times Spotted 77 | . 17 . 15 . . 8 37 Peak Tracking Total 8 | . 5 . 6 . . 4 8 Tactical Retreats 10 | . 3 . . . . . 7 Traps | -11 -10 -10 -9 -9 -7 -6 -6 ------- Run | Yrd Mat Min Mat Min Zio Pro Fac Traps Triggered . | . . . . . . . . Indirectly . | . . . . . . . . Trap Hack Attempts . | . . . . . . . . Triggered . | . . . . . . . . Disarmed . | . . . . . . . . Reprogrammed . | . . . . . . . . Reused . | . . . . . . . . Traps Extracted . | . . . . . . . . Installed . | . . . . . . . . Triggered . | . . . . . . . . Machines | -11 -10 -10 -9 -9 -7 -6 -6 ---------- Run | Yrd Mat Min Mat Min Zio Pro Fac Machines Disabled 1 | . . . . . . . 1 Max in Single Turn 1 | . . . . . . . 1 Machines Repaired . | . . . . . . . . Machines Dismantled . | . . . . . . . . Machines Sabotaged . | . . . . . . . . Overloaded Fab Kills . | . . . . . . . . Hacking | -11 -10 -10 -9 -9 -7 -6 -6 --------- Run | Yrd Mat Min Mat Min Zio Pro Fac Machines Accessed 5 | . 2 . 1 1 . . 1 Terminals 4 | . 1 . 1 1 . . 1 Fabricators . | . . . . . . . . Repair Stations . | . . . . . . . . Recycling Units 1 | . 1 . . . . . . Scanalyzers . | . . . . . . . . Garrison Access . | . . . . . . . . Total Hacks 10 | . 4 . 4 1 . . 1 Successful 6 | . 3 . 1 1 . . 1 Failed 4 | . 1 . 3 . . . . Catastrophic . | . . . . . . . . Database Lockouts . | . . . . . . . . Manual 9 | . 4 . 4 . . . 1 Terminals 9 | . 3 . 4 1 . . 1 Fabricators . | . . . . . . . . Repair Stations . | . . . . . . . . Recycling Units 1 | . 1 . . . . . . Scanalyzers . | . . . . . . . . Garrison Access . | . . . . . . . . Terminal Hacks 3 | . 1 . . 1 . . 1 Branch Access Points 2 | . 1 . . . . . 1 Zone Layout 1 | . . . . 1 . . . Fabricator Hacks . | . . . . . . . . Repair Station Hacks . | . . . . . . . . Recycling Unit Hacks . | . . . . . . . . Scanalyzer . | . . . . . . . . Garrison Access Hacks . | . . . . . . . . Unauthorized Hacks 3 | . 2 . 1 . . . . Terminals 2 | . 1 . 1 . . . . Botnet 2 | . 1 . 1 . . . . Fabricators . | . . . . . . . . Repair Stations . | . . . . . . . . Recycling Units 1 | . 1 . . . . . . Tunnel 1 | . 1 . . . . . . Scanalyzers . | . . . . . . . . Garrison Access . | . . . . . . . . Data Cores Recovered . | . . . . . . . . Used . | . . . . . . . . Hacking Detections 2 | . 1 . 1 . . . . Full Trace Events 1 | . . . 1 . . . . Feedback Events . | . . . . . . . . Feedback Blocked . | . . . . . . . . Robot Schematics Acquired 3 | . . . . . 3 . . Robots Built . | . . . . . . . . Authchips . | . . . . . . . . Time . | . . . . . . . . Total Robot Build Rating . | . . . . . . . . Part Schematics Acquired 14 | . . . . . 14 . . Parts Built . | . . . . . . . . Authchips . | . . . . . . . . Time . | . . . . . . . . Total Part Build Rating . | . . . . . . . . Parts Repaired . | . . . . . . . . Time . | . . . . . . . . Parts Recycled . | . . . . . . . . Recycled Matter . | . . . . . . . . Retrieved Matter . | . . . . . . . . Retrieved Components . | . . . . . . . . Parts Scanalyzed . | . . . . . . . . Part Schematics Acquired . | . . . . . . . . Parts Damaged . | . . . . . . . . Bothacking | -11 -10 -10 -9 -9 -7 -6 -6 ------------ Run | Yrd Mat Min Mat Min Zio Pro Fac Used RIF Installer . | . . . . . . . . Robots Hacked . | . . . . . . . . Non-combat . | . . . . . . . . Combat . | . . . . . . . . Robot Hacks Applied . | . . . . . . . . Relay Couplers Released . | . . . . . . . . Fabnet Peak Effective % . | . . . . . . . . Robots Rewired . | . . . . . . . . Allies Hacked . | . . . . . . . . Hacks Repelled . | . . . . . . . . Allies | -11 -10 -10 -9 -9 -7 -6 -6 -------- Run | Yrd Mat Min Mat Min Zio Pro Fac Total Allies 2 | . . . . . 2 . . Largest Group 2 | . . . . . 2 2 1 Highest-Rated Group 61 | . . . . . 61 61 30 Highest-Rated Ally 31 | . . . . . 31 31 30 Total Orders . | . . . . . . . . Ally Attacks 40 | . . . . . . 37 3 Total Damage 699 | . . . . . . 597 102 Kills 7 | . . . . . . 5 2 Allies Corrupted . | . . . . . . . . Allies Melted . | . . . . . . . . Intel | -11 -10 -10 -9 -9 -7 -6 -6 ------- Run | Yrd Mat Min Mat Min Zio Pro Fac Active Infowar (turns) 2 | . . . . . . . 2 ECM 2 | . . . . . . . 2 Robot Analysis Total . | . . . . . . . . Derelict Logs Recovered 3 | . . 1 . . 1 1 . Drone Launches . | . . . . . . . . Drone Recoveries . | . . . . . . . . Exploration | -11 -10 -10 -9 -9 -7 -6 -6 ------------- Run | Yrd Mat Min Mat Min Zio Pro Fac Turns Passed 4085 | 119 649 269 450 100 871 382 1245 Spaces Moved 3398 | 89 457 234 300 95 862 285 1076 Core 217 | 20 . . . . . . 197 Treads 5 | 4 . . . . . . 1 Legs . | . . . . . . . . Wheels 2872 | 65 457 234 300 95 862 285 574 Hover 304 | . . . . . . . 304 Flight . | . . . . . . . . Fastest Speed 50 | 50 100 115 100 100 100 90 50 Average Speed 99 | 102 108 115 119 100 100 94 88 Slowest Speed 240 | 160 115 115 130 100 100 120 240 Overloaded Moves . | . . . . . . . . Propulsion Burnouts . | . . . . . . . . Robots Hopped . | . . . . . . . . Potential Cave-ins . | . . . . . . . . Cave-ins Triggered . | . . . . . . . . Exploration Rate (%) 38 | 5 50 57 28 18 72 46 31 Regions Visited 7 Branch Regions 4 Pre-discovered Areas 3 | . 1 . . . 2 . . Known Exits Taken 2 | . 1 . 1 . . . . Unknown Exits Taken 5 | 1 . 1 . 1 1 1 . Scrap Searched 4 | . . 2 . . 2 . . Spaces Dug . | . . . . . . . . Terrain Destroyed 8 | . . . . . . . 8 Melee . | . . . . . . . . Projectile 8 | . . . . . . . 8 AOE . | . . . . . . . . Terrain Rammed . | . . . . . . . . Walls Destroyed . | . . . . . . . . Machines Disabled . | . . . . . . . . Actions | -11 -10 -10 -9 -9 -7 -6 -6 --------- Run | Yrd Mat Min Mat Min Zio Pro Fac Total 3776 | 105 530 235 343 96 871 354 1242 Wait 115 | . 12 . 6 . 5 41 51 Move 3391 | 88 456 233 299 94 861 284 1076 Hop . | . . . . . . . . Pick Up 40 | 5 13 1 4 . 3 . 14 Fast Attach 22 | 6 1 . . . . . 15 Attach 17 | . 1 . 3 . . 5 8 Detach . | . . . . . . . . Swap 8 | . 1 . 4 . . . 3 Drop 21 | 1 2 1 3 . 2 . 12 Fire 159 | 5 44 . 24 2 . 24 60 Melee . | . . . . . . . . Ram 3 | . . . . . . . 3 Kick . | . . . . . . . . Crush . | . . . . . . . . Escape Stasis . | . . . . . . . . Rewire . | . . . . . . . . Trap . | . . . . . . . . Miscellaneous . | . . . . . . . . Route ------- -11/Scrapyard -10/Materials (discovered 2 exits: *Min x2) -10/Mines (discovered 2 exits: *Mat x2) -9/Materials (discovered 2 exits: *Min x2) -9/Mines (discovered 2 exits: [*Mat] / [*Zio]) -7/Zion -6/Proximity Caves -6/Factory (discovered 2 exits: *Low x2) History --------- Turn | Location | Event 8 | -11/Scrapyard | Discovered new exit (range 16) 120 | -11/Scrapyard | Entered Materials 219 | -10/Materials | Discovered new exit (range 15) 224 | -10/Materials | Identified exit to Mines 311 | -10/Materials | Build established: Mutant 720 | -10/Materials | Derelicts attacked the area 769 | -10/Materials | Entered Mines 781 | -10/Mines | Learned 2 Materials zone layouts 782 | -10/Mines | Discovered new exit (range 7) 940 | -10/Mines | Discovered new exit (range 15) 1038 | -10/Mines | Entered Materials 1038 | -9/Materials | Evolved 2 slots: Utility x2 1039 | -9/Materials | Identified exit to Mines 1429 | -9/Materials | Discovered exit to Mines (range 14) 1488 | -9/Materials | Entered Mines 1536 | -9/Mines | Discovered new exit (range 10) 1543 | -9/Mines | A Derelict revealed a hidden shortcut to a safe place 1588 | -9/Mines | Entered Zion 1661 | -7/Zion | Learned location of Warlord (-4) 1688 | -7/Zion | Learned Factory emergency access door positions 2116 | -7/Zion | Met Imprinter 2434 | -7/Zion | Gained Derelict followers 2439 | -7/Zion | Discovered new exit (range 14) 2459 | -7/Zion | Entered Proximity Caves 2459 | -6/Proximity Caves | Accompanied by 2 allies 2465 | -6/Proximity Caves | Spotter reported a threat 2467 | -6/Proximity Caves | Spotter reported a threat 2613 | -6/Proximity Caves | Lost 3 parts (1n1u1w) 2675 | -6/Proximity Caves | Lost 3 parts (1p1u1w) 2762 | -6/Proximity Caves | Learned Factory trap positions 2782 | -6/Proximity Caves | Discovered new exit (range 16) 2841 | -6/Proximity Caves | Entered Factory 2841 | -6/Factory | Accompanied by 1 ally 2841 | -6/Factory | Evolved 6 slots: Power x1, Propulsion x4, Weapon x1 2842 | -6/Factory | Loaded intel: 114 trap records 3023 | -6/Factory | Discovered new exit (range 7) 3423 | -6/Factory | Build established: Scavenger-Gunner 3651 | -6/Factory | Garrison activated, responded to threat 3679 | -6/Factory | Released all parts (5) 3699 | -6/Factory | Core integrity fell below 50% 3709 | -6/Factory | Lost 11 parts (1p5n1u4w) 3766 | -6/Factory | Spotted B-75 Beast 3787 | -6/Factory | Identified exit to Lower Caves 3953 | -6/Factory | Build established: Mutant 4022 | -6/Factory | Lost 3 parts (2n1w) 4048 | -6/Factory | Core integrity fell below 20% 4086 | -6/Factory | Self-destructed Last Messages --------------- Engine. 04035_ K-01 Serf destroyed. 04035_ Neutrino Reactor explodes. 04035_ K-01 Serf destroyed. 04035_ Terminal disabled. 04035_ Chain reaction triggered in Corrupted Lgt. Ion Engine. 04036_ Acquired 24 matter. 04043_ Slug penetrates Wall. 04046_ U-05 Engineer lays Concrete. 04046_ Slug penetrates Wall. 04047_ U-05 Engineer lays Concrete. 04064_ System corrupted: Energy discharge (-1). 04067_ Imp. Utility Shielding destroyed. 04067_ Construction Platform disabled. 04080_ Slug penetrates Construction Platform. 04080_ Penetrated by Slug. 04081_ Slug penetrates Construction Platform. 04086_ System corrupted: Heat flow error (+212). Map ----- +----------------------------------------------------+ | ### ###+##?????################ ##???????????? | | # ??????+ ] # ! ?????^??????? | | " # #??????# ! # #???????????? | | " # #??????# # #???????????? | | " # #??????# """" # """ #???????????? | | " # #??????# """" # """ #???????????? | | " # ######## """" # """ #???????????? | | # + """" # #???????????? | | # ## + #???????????? | | ### ## # ###+##???????????? | | ########### #????????????????? | | #????# #????????????????? | | ###### #????????????????? | | #????????????????? | | ##????????????????? | | ##### !!! #?????????????????? | | ????# !! #?????????????????? | | ????# !! #?????????????????? | | ????# """ """ #?????????????????? | | ????+ """"" """"" #????###??????????? | | ????# """"" """"" #?? #??????????? | | ????# # """ #??????????? | | ????# + """ #??????????? | | ????# ######## # """ #??????????? | | ????# ##########?# #?? #??????????? | | ????# # hp @ #?# #???? #??????????? | | ???? # h " #?# #??????#??????????? | | ???? # """" #?# #?????????????????? | | ??? + """" =#?# #?????????????????? | | ??? # """" #?#"############??????? | | ??????###+## #] """" #?# #??????? | | ???????????# # """" #?# """""" """ #??????? | | ??????????## # """" #?# """""" R" #??????? | | ??????????# + #?# """""" """ #??????? | | ##????????# ###############?# """""" #??????? | | ^+????????# #???????????????# #??????? | | #????????# #??############## """""" #??????? | | ##########/#### # """""" #??????? | | !![ + # """ """ # """""" #??????? | | !![ # # """ """ # """""" ! #??????? | | ![ "" # # """ """ # #??????? | | = "" # # + #??????? | | " # # """ """ ############+#??????? | | = "" # # """ """ #???????????????????? | | " + # """ """ #???????????????????? | | # # #???????????????????? | | * # # #???????????????????? | | = ! # # ! #???????????????????? | | # # #???????????????????? | | ########### ###+#######+#########????????????? | +----------------------------------------------------+ Best States ------------- Heat Dissipation 51 Energy Generation 18 Energy Capacity 310 Matter Stores 500 Matter Capacity 500 Sight Range 16 Terrain Scan Density 10 Base Temperature (-) 150 Utility Shielding 66 Evasion (%) 53 Targeting Accuracy 12 Recoil Reduction 3 Item Schematics ----------------- Adv. ECM Suite | -7/Zion | Archive Matter Compressor | -7/Zion | Archive Med. Treads | -7/Zion | Archive Drone Bay | -7/Zion | Archive Remote Datajack | -7/Zion | Archive Imp. Proton Missile Launcher | -7/Zion | Archive Hvy. Laser | -7/Zion | Archive Hvy. Shock Bomb Launcher | -7/Zion | Archive Imp. Recalibrator | -7/Zion | Archive Corruption Screen | -7/Zion | Archive Angular Momentum Engine | -7/Zion | Archive Imp. Deuterium Engine | -7/Zion | Archive Lyr. Medium Armor Plating | -7/Zion | Archive Kinecellerator | -7/Zion | Archive Robot Schematics ------------------ B-36 Bruiser | -7/Zion | Archive K-01 Serf | -7/Zion | Archive L-41 Fighter | -7/Zion | Archive Fabricated ------------ Nothing Repaired ---------- Nothing Alien Tech Used ----------------- None Achievements -------------- None Challenges ------------ None Game ------ Seed ExpertAblativeReactor Manual? 0 Play Time 00:26:33 Cumulative 101.3 hours Start 2025.06.30 @ 20:41:01 End 2025.06.30 @ 21:07:15 Sessions 1 Manual Loads 0 Difficulty Rogue Special Mode None Game No. 135 Rogue 135 Adventurer 0 Explorer 0 Win Type - Total 1 Types 1/0/0/0/0/0/0/0/0/0 Lore% 40 Gallery% 52 Achievement% 47 Wizard Run 0 Options --------- Layout 1 ASCII 0 Keyboard 0 Movement Arrows Keybinds 0 Fullscreen 1 Font 24/Smallcaps Map View 50x35 Zoom Use 0% Tactical HUD 1 Map Filters NONE Filters NONE Steam X RUN: 7bf3fb3a-c50e-4b87-8555-bccb0c0c1b27